 Dungeon Crawl Stone Soup version 0.18-a0-24-g6e14259 (webtiles) character file.

41 Duffy the Charlatan (level 3, 29/29 HPs)
             Began as a Formicid Artificer on Nov 3, 2015.
             Was an Initiate of Makhleb.
             Quit the game on level 2 of the Dungeon.
             The game lasted 00:01:50 (1652 turns).

Duffy the Charlatan (Formicid Artificer)            Turns: 1652, Time: 00:01:50

Health: 29/29      AC:  9    Str: 15    XL:     3   Next: 75%
Magic:  5/5        EV:  6    Int: 11    God:    Makhleb [......]
Gold:   95         SH:  0    Dex: 12    Spells: 0 memorised, 2 levels left

rFire  . . .     SeeInvis +     v - +0 scimitar
rCold  . . .     Clarity  .     o - +1 chain mail
rNeg   . . .     SustAt   .     (no shield)
rPois  .         Gourm    .     (helmet unavailable)
rElec  .         Spirit   .     (no cloak)
rCorr  .         Warding  .     (no gloves)
rMut   .         Stasis   +     (no boots)
MR     .....                    (no amulet)
Stlth  ..........               (no ring)
                                (no ring)

@: not resistant to hostile enchantments, extremely unstealthy
A: permanent stasis, dig shafts and tunnels, four strong arms, antennae 3
a: Dig, Shaft Self, Renounce Religion


You were on level 2 of the Dungeon.
You worshipped Makhleb.
Makhleb was noncommittal.
You were not hungry.

You visited 1 branch of the dungeon, and saw 2 of its levels.

You collected 95 gold pieces.


Innate Abilities, Weirdness & Mutations

You are under a permanent stasis effect.
You can dig through walls and to a lower floor.
Your four strong arms can wield two-handed weapons with a shield.
You have a pair of large antennae on your head (SInv).


   Skills:
 + Level 3.2 Fighting
 - Level 1.0 Short Blades
 + Level 1.2 Armour
 - Level 1.7 Dodging
 - Level 1.2 Stealth
 - Level 3.2 Evocations


You had 2 spell levels left.
You didn't know any spells.

Inventory:

Hand Weapons
 a - a +0 short sword
 u - a +1 whip
 v - a +0 scimitar (weapon)
Missiles
 i - 9 poisoned needles
 j - 45 stones (quivered)
Armour
 b - a +0 leather armour
 o - a +1 chain mail (worn)
Wands
 c - a wand of flame (15)
 d - a wand of enslavement (22)
 e - a wand of random effects (15)
Scrolls
 g - a scroll of random uselessness
Potions
 h - 2 potions of magic {unknown}
 l - a potion of curing {unknown}
 m - 2 potions of degeneration {unknown}
 q - a potion of agility {unknown}
Comestibles
 f - 2 bread rations
 p - a meat ration
 t - a chunk of flesh

Dungeon Overview and Level Annotations

Branches:
Dungeon (2/15)

Altars:
Makhleb


Message History

You see here a glowing short sword.
Found a scimitar.
You see here a runed whip.
u - a runed whip You see here a scimitar.
v - a scimitar Wield which item (- for none, * to show all)? (? for menu, Esc to quit)
It sticks to your hand!
u - a cursed +0 whip (weapon)
Read which item? (? for menu, Esc to quit)
As you read the scroll labeled VOAWKU JAHUCE, it crumbles to dust.
It is a scroll of identify.
Identify which item? (\ to view known items) (? for menu, Esc to quit)
g - a scroll of random uselessness Read which item? (? for menu, Esc to quit)
Identify which item? (\ to view known items) (? for menu, Esc to quit)
As you read the scroll of identify, it crumbles to dust.
n - a scroll of enchant weapon Read which item? (? for menu, Esc to quit)
As you read the scroll labeled CORHEWNA ZAARU, it crumbles to dust.
It is a scroll of recharging.
Charge which item? (? for menu, Esc to quit)
Your wand of enslavement (15) glows for a moment and now has 22 charges.
Read which item? (? for menu, Esc to quit)
As you read the scroll labeled NIHOTS UDEO, it crumbles to dust.
It is a scroll of enchant armour.
Enchant which item? (? for menu, Esc to quit)
Your +0 chain mail glows green for a moment.
Read which item? (? for menu, Esc to quit)
Enchant which weapon? (? for menu, Esc to quit)
As you read the scroll of enchant weapon, it crumbles to dust.
Your cursed +0 whip glows red for a moment.
Wield which item (- for none, * to show all)? (? for menu, Esc to quit)
v - a +0 scimitar (weapon)
Are you sure you want to abandon this character and quit the game? (Confirm with "yes".)

#.......#.#.
#######.......#.#.
#.........)...#.#.
#.........###.#.#.
#.........# #.#.#.
#.........# #.#.##
#.........# #.#.##
#.........###.#...
#@................
#.................
#########.........
#.........
#.........
#.........
#.........
...........
...........


There were no monsters in sight!

Action                   || total
-------------------------++-------
Melee: Short sword       ||    99
  Use: Scroll            ||     5
 Stab: Sleeping          ||     2
  Eat: Chunk             ||     2

Notes
Turn   | Place    | Note
--------------------------------------------------------------
     0 | D:1      | Duffy the Formicid Artificer began the quest for the Orb.
     0 | D:1      | Reached XP level 1. HP: 15/15 MP: 3/3
   217 | D:1      | Reached skill level 2 in Fighting
   217 | D:1      | Reached XP level 2. HP: 22/22 MP: 4/4
   944 | D:2      | Reached skill level 3 in Fighting
   944 | D:2      | Reached XP level 3. HP: 16/29 MP: 5/5
  1250 | D:2      | Reached skill level 1 in Armour
  1439 | D:2      | Found a burning altar of Makhleb.
  1441 | D:2      | Noticed an Executioner
  1445 | D:2      | Noticed a hellwing
  1445 | D:2      | Noticed a neqoxec
  1447 | D:2      | Became a worshipper of Makhleb the Destroyer
  1652 | D:2      | Quit the game

Vault maps used:
D:1:      minmay_arrival_solitary_statue
D:2:      minmay_misc_feat_cross, makhleb_altar_promises_db

Vanquished Creatures
  An adder
  3 giant cockroaches
  8 goblins
  5 hobgoblins
  2 bats
  2 giant newts
  3 kobolds
  3 rats
27 creatures vanquished.
